 Dungeon Crawl Stone Soup version 0.26.0-8-g74fc34ddfb (webtiles) character file.

Game seed: 16610053178175785572

1359 hawla the Conjurer (level 8, -1/59 HPs)
             Began as a Pale Draconian Conjurer on Jan 9, 2021.
             Was a Believer of Vehumet.
             Killed by divine providence
             ... invoked by an orc priest
              (12 damage)
             ... on level 6 of the Dungeon on Jan 12, 2021.
             The game lasted 00:24:02 (7323 turns).

hawla the Conjurer (Pale Draconian Conjurer)        Turns: 7323, Time: 00:24:05

Health: -1/59      AC:  8    Str: 16    XL:     8   Next: 37%
Magic:  8/15       EV: 12    Int: 20    God:    Vehumet [**....]
Gold:   227        SH: 10    Dex: 10    Spells: 9/17 levels left

rFire    . . .     SeeInvis .   n - +1 short sword
rCold    . . .     Faith    .   d - +1 buckler
rNeg     + . .     Spirit   .   (armour unavailable)
rPois    .         Reflect  +   (helmet restricted)
rElec    .         Harm     .   (no cloak)
rCorr    .         Rampage  .   m - +0 pair of gloves
Will     .....                  e - +0 pair of boots
Stlth    ++........             j - amulet of reflection
HPRegen  0.19/turn              k - ring of positive energy
MPRegen  0.14/turn              q - +6 ring of strength

@: very slightly contaminated
A: breathe steam, unfitting armour, cold-blooded, AC +6
a: Breathe Steam, Renounce Religion


You were on level 6 of the Dungeon.
You worshipped Vehumet.
Vehumet was pleased with you.
You visited 1 branch of the dungeon, and saw 6 of its levels.
You also visited: Ossuary.

You collected 227 gold pieces.

Inventory:

Hand Weapons
 n - a +1 short sword (weapon)
Missiles
 i - 28 poisoned darts (quivered)
Armour
 d - a +1 buckler (worn)
 e - a +0 pair of boots (worn)
 m - a +0 pair of gloves (worn)
Jewellery
 j - an amulet of reflection (around neck)
 k - a ring of positive energy (left hand)
 q - a +6 ring of strength (right hand)
Wands
 a - a wand of random effects (9)
 g - a wand of acid (6)
Scrolls
 c - 3 scrolls of remove curse
 f - a scroll of torment {unknown}
 o - 2 scrolls of identify
 s - 2 scrolls of fog {unknown}
Potions
 b - 3 potions of lignification {unknown}
 h - 2 potions of resistance {unknown}
 l - a potion of might
 p - a potion of degeneration {unknown}
 r - a potion of brilliance {unknown}
 t - 2 potions of flight
 u - a potion of attraction {unknown}
 v - a potion of magic {unknown}


   Skills:
 - Level 1.0 Fighting
 - Level 2.0 Dodging
 - Level 2.0 Stealth
 - Level 4.0 Shields
 + Level 5.2 Spellcasting
 + Level 5.4 Conjurations
 + Level 4.6 Translocations
 + Level 2.1 Fire Magic
 + Level 3.5 Evocations


You had 9 spell levels left.
You knew the following spells:

 Your Spells              Type           Power        Failure   Level
a - Magic Dart            Conj           100%         1%          1
b - Searing Ray           Conj           54%          1%          2
c - Iskenderun's Mystic   Conj/Tloc      25%          14%         4
d - Foxfire               Conj/Fire      80%          2%          1

Your spell library contained the following spells:

 Spells                   Type           Power        Failure   Level
 Sandblast                Erth           10%          12%         1
 Dazzling Flash           Conj/Hex       32%          11%         3
 Fulminant Prism          Conj/Hex       8%           36%         4


Dungeon Overview and Level Annotations

Branches:
Dungeon (6/15)            Ossuary (visited)
 Temple: D:4-7

Altars:
Cheibriados
Fedhas
Gozag
Qazlal
Vehumet
Xom

Shops:
D:6 (


Innate Abilities, Weirdness & Mutations

You can breathe blasts of scalding, opaque steam.
Your pale cyan-grey scales are hard. (AC +6)
You cannot fit into any form of body armour.
You are cold-blooded and may be slowed by cold attacks.


Message History

The orc wizard gestures at you while chanting.
The magic dart hits you.
The orc wizard points at itself and mumbles some strange words.
The orc wizard flickers and vanishes!
The orc wizard closely misses you.
The orc priest calls down the wrath of Beogh upon you.
Beogh smites you!
* * * LOW HITPOINT WARNING * * *
You feel better.
The orc wizard hits you but does no damage.
You block the orc wizard's attack.
The orc priest mumbles some strange prayers to Beogh against you.
You are unaffected.
Casting: Iskenderun's Mystic Blast (dangerous; 14% risk of failure)
Confirm with . or Enter, or press ? or * to list all spells.
You miscast Iskenderun's Mystic Blast.
You are very lightly contaminated with residual magic.
Nothing appears to happen.
The orc priest invokes the aid of Beogh against you.
Beogh smites you!
You die...

#. .... #.. ...# ..# ...
..# #). ..#.†# o{{.#
#oo## . #@o.###.. ..
##.......# ...##
##..####..# .....##..##
. #..# ........## #..#
##..## ######...###
##...###.....
##..>...###.....#......
##...###................
#..#...##
###..............


You could see 2 orc priests and 2 orc wizards.

Vanquished Creatures
  Grinder (D:4)
  Menkaure (D:4)
  Edmund (D:3)
  An ice beast (D:5)
  A black bear (D:5)
  A phantom (D:5)
  A centaur (D:5)
  An ogre (D:4)
  A howler monkey (D:4)
  An orc priest (D:6)
  A centaur skeleton (D:4)
  A bullfrog skeleton (D:4)
  Natasha (D:2)
  Terence (D:2)
  An iguana (D:5)
  2 worker ants
  A hound zombie (D:5)
  4 mummies
  12 adders
  3 adder zombies
  An adder skeleton (D:5)
  4 worms
  2 dart slugs
  5 leopard geckos
  10 orcs
  A ball python (D:4)
  4 giant cockroaches
  2 gnoll zombies (Ossuary)
  2 hobgoblins (D:3)
  6 quokkas
  7 bats
  7 frilled lizards
  10 goblins
  3 goblin zombies (Ossuary)
  2 hobgoblin zombies (Ossuary)
  5 kobolds
  A kobold zombie (Ossuary)
  6 quokka zombies (Ossuary)
  10 rats
  2 rat zombies (Ossuary)
127 creatures vanquished.

Vanquished Creatures (others)
  17 foxfires (Ossuary)
17 creatures vanquished.

Grand Total: 144 creatures vanquished

Notes
Turn   | Place    | Note
-------+----------+-------------------------------------------
     0 | D:1      | hawla the Draconian Conjurer began the quest for the Orb.
     0 | D:1      | Reached XP level 1. HP: 14/14 MP: 3/3
   448 | D:1      | Reached XP level 2. HP: 22/22 MP: 3/5
   505 | D:1      | Learned a level 2 spell: Searing Ray
   846 | D:2      | Reached skill level 1 in Fighting
   885 | D:2      | Noticed Terence
   890 | D:2      | Killed Terence
   891 | D:2      | Reached skill level 1 in Shields
   891 | D:2      | Reached XP level 3. HP: 28/28 MP: 1/6
   894 | D:2      | Upgraded the game from 0.26-b1-59-ge38874ec40 to
                  | 0.26.0-7-g794d0892b4
  1245 | D:2      | Noticed Natasha
  1248 | D:2      | Killed Natasha
  1249 | D:2      | Reached XP level 4. HP: 35/35 MP: 3/8
  1254 | D:2      | Learned a level 4 spell: Iskenderun's Mystic Blast
  1506 | D:2      | Found a shimmering altar of Xom.
  2198 | D:3      | Found a radiant altar of Vehumet.
  2235 | D:3      | Became a worshipper of Vehumet
  2316 | D:3      | Found a snail-covered altar of Cheibriados.
  2742 | D:3      | Reached XP level 5. HP: 40/40 MP: 4/9
  2824 | D:3      | Reached skill level 1 in Translocations
  3000 | D:3      | Found a blossoming altar of Fedhas.
  3260 | D:3      | Reached * piety under Vehumet
  3260 | D:3      | Offered knowledge of Foxfire by Vehumet.
  3568 | D:4      | Noticed Grinder
  3570 | D:4      | Upgraded the game from 0.26.0-7-g794d0892b4 to
                  | 0.26.0-8-g74fc34ddfb
  3575 | D:4      | Noticed an ogre
  3597 | D:4      | Reached skill level 5 in Conjurations
  3598 | D:4      | Killed an ogre
  3599 | D:4      | Reached XP level 6. HP: 8/47 MP: 5/11
  3605 | D:3      | HP: 2/47 [poisoned by an adder]
  3611 | D:3      | HP: 1/47 [poisoned by an adder]
  3619 | D:3      | HP: 1/47 [poisoned by an adder]
  4373 | D:4      | Paralysed by Grinder for 5 turns
  4600 | D:4      | Killed Grinder
  4601 | D:4      | Your scales start taking on a pale cyan-grey colour.
  4601 | D:4      | Reached XP level 7. HP: 52/52 MP: 2/13
  4692 | D:4      | Noticed Edmund
  4741 | D:4      | Noticed Menkaure
  4858 | D:3      | Killed Edmund
  5104 | D:4      | Reached skill level 1 in Evocations
  5139 | D:4      | Killed Menkaure
  5262 | D:4      | Found an opulent altar of Gozag.
  5325 | D:4      | Found a stormy altar of Qazlal.
  5491 | D:5      | Entered Level 5 of the Dungeon
  5662 | D:5      | Learned a level 1 spell: Foxfire
  6071 | D:5      | Reached XP level 8. HP: 59/59 MP: 12/15
  6183 | D:5      | Reached skill level 5 in Spellcasting
  6183 | D:5      | Reached skill level 1 in Fire Magic
  6526 | D:6      | Reached ** piety under Vehumet
  6526 | D:6      | Offered knowledge of Sandblast by Vehumet.
  6617 | D:6      | Found a sand-covered staircase.
  6628 | Ossuary  | Entered an ossuary
  7243 | D:6      | Found Goudatzo's Antique Weapon Shop.
  7323 | D:6      | Killed from afar by an orc priest

Illustrated notes

Levels and vault maps discovered:
D:1:      lemuel_arrival_broad_hall, layout_basic
D:2:      layout_basic, general_overflow_altar, uniq_terence, uniq_natasha
D:3:      layout_basic, lemuel_doored_altar, nicolae_overflow_crystal_walls,
          lemuel_round_altar
D:4:      layout_gridville, lemuel_round_altar, grunt_qazlal_sundering,
          portal_sewer_entry_a, uniq_menkaure, uniq_grinder, uniq_edmund
D:5:      layout_rooms, nicolae_overflow_hidden_temple, minivault_4
D:6:      layout_layer_cave, nicolae_ossuary_entry_giza, serial_shops, shop

Skill      XL: |  1  2  3  4  5  6  7  8 |
---------------+-------------------------+-----
Stealth        | 2 |  2.0
Dodging        | 2 |  2.0
Fighting       | 1 |  1.0
Shields        | 1 2 3 4 |  4.0
Spellcasting   | 3 4 5 |  5.2
Translocations | 2 3 4 |  4.6
Conjurations   | 5 |  5.4
Evocations     | 2 3 |  3.5
Fire Magic     | 2 |  2.1

Action                   |  1- 3 |  4- 6 |  7- 9 || total
-------------------------+-------+-------+-------++-------
Melee: Unarmed           |    10 |       |       ||    10
       Tailslap          |     1 |     2 |     4 ||     7
       Short sword       |       |    20 |    19 ||    39
Throw: Dart              |       |       |     1 ||     1
 Cast: Magic Dart        |    24 |    60 |    48 ||   132
       Searing Ray       |     6 |    32 |    33 ||    71
       Iskenderun's Myst |       |     2 |     8 ||    10
       Foxfire           |       |       |     9 ||     9
Evoke: Wand              |     1 |       |     3 ||     4
  Use: Scroll            |       |     8 |     2 ||    10
       Potion            |       |     5 |     1 ||     6
Armor: Skin              |    14 |    33 |    22 ||    69
Dodge: Dodged            |    19 |    52 |    41 ||   112
Block: Buckler           |       |       |    18 ||    18
       Reflection        |       |       |     3 ||     3
